 Dungeon Crawl Stone Soup version 0.22-a0-40-g3d2f077 (webtiles) character file.

494 4thArraOfDagon the Grave Robber (level 6, -8/84 HPs)
             Began as a Deep Dwarf Necromancer on Jan 4, 2018.
             Was a Follower of Makhleb.
             Mangled by an ogre
             ... wielding a +0 giant club
              (13 damage)
             ... on level 7 of the Dungeon.
             The game lasted 00:12:20 (2073 turns).

4thArraOfDagon the Grave Robber (DDNe)              Turns: 2073, Time: 00:12:20

Health: -8/84      AC: 23    Str: 11    XL:     6   Next: 92%
Magic:  1/9        EV:  2    Int: 18    God:    Makhleb [*.....]
Gold:   185        SH:  0    Dex: 13    Spells: 4/9 levels left

rFire    + . .     SeeInvis .   A - +0 hand axe (flame)
rCold    x . .     Gourm    .   (no shield)
rNeg     + + +     Faith    .   (armour currently unavailable)
rPois    +         Spirit   .   (helmet currently unavailable)
rElec    .         Reflect  .   (cloak currently unavailable)
rCorr    .         Harm     +   (gloves currently unavailable)
MR       .....     NoTele   +   (boots currently unavailable)
Stlth    ++........             y - amulet of harm
HPRegen  0.00/turn              l - ring of fire
MPRegen  0.11/turn              v - ring of positive energy

@: tree-form, very slightly contaminated, non-regenerating
A: damage resistance, heal wounds, sense surroundings 1, no regeneration
a: Heal Wounds, Renounce Religion


You were on level 7 of the Dungeon.
You worshipped Makhleb.
Makhleb was aware of your devotion.
You were hungry.
You were a tree.
You visited 2 branches of the dungeon, and saw 8 of its levels.

You collected 185 gold pieces.

Inventory:

Hand Weapons
 t - a +0 club
 A - a +0 hand axe of flaming (weapon)
Missiles
 q - a throwing net (quivered)
Armour
 a - a +0 robe
 k - a +0 ring mail
 u - a +0 ring mail (melded)
 z - a +0 helmet (melded)
Jewellery
 i - an uncursed ring of ice
 l - a ring of fire (left branch)
 p - an uncursed ring of ice
 v - a ring of positive energy (right branch)
 y - an amulet of harm (around neck)
Wands
 j - a wand of iceblast (3)
Scrolls
 d - 3 scrolls of remove curse
 g - a scroll of enchant weapon {unknown}
 h - 2 scrolls of enchant armour {unknown}
Potions
 e - a potion of brilliance
 f - a potion of mutation {unknown}
 n - a potion of berserk rage {unknown}
 o - a potion of magic {unknown}
 r - 2 potions of ambrosia
 s - 2 potions of curing {unknown}
 w - a potion of flight {unknown}
Books
 b - a book of Necromancy

   Spells                             Type                      Level
   a - Pain                           Necromancy                   1
   b - Animate Skeleton               Necromancy                   1
   c - Vampiric Draining              Necromancy                   3
   d - Regeneration                   Charms/Necromancy            3
   e - Animate Dead                   Necromancy                   4
   f - Borgnjor's Vile Clutch         Necromancy/Earth             5
Comestibles
 c - 5 rations
 x - 3 chunks of flesh


   Skills:
 - Level 3.0 Fighting
 * Level 3.5 Axes
 - Level 2.1 Dodging
 - Level 2.4 Stealth
 - Level 2.0 Spellcasting
 - Level 7.1 Necromancy


You had 4 spell levels left.
You knew the following spells:

 Your Spells              Type           Power        Failure   Level  Hunger
a - Pain                  Necr           ####         1%          1    #......
b - Vampiric Draining     Necr           ####......   2%          3    ###....
c - Animate Skeleton      Necr           N/A          1%          1    #......


Dungeon Overview and Level Annotations

Branches:
Dungeon (7/15)             Temple (1/1) D:4

Altars:
Ashenzari
Dithmenos
Gozag
Hepliaklqana
Kikubaaqudgha
Makhleb
Nemelex Xobeh
Okawaru
Qazlal
Ru
Sif Muna
Uskayaw
Vehumet
Wu Jian
Zin
The Shining One

Annotations:
D:4 Duvessa


Innate Abilities, Weirdness & Mutations

You are resistant to damage.
You can heal yourself by infusing magical energy.
You passively map a small area around you.
You do not regenerate.


Message History

The bullfrog completely misses you.
The bullfrog hits you but does no damage.
Unknown command.
You hit the bullfrog. You burn the bullfrog.
You kill the bullfrog!
Makhleb accepts your kill.
Your Axes skill increases to level 3!
Unknown command.
You hit the ogre. You burn the ogre.
The ogre is severely wounded.
The ogre barely misses you.
Unknown command.
Unknown command.
Casting: Vampiric Draining
Confirm with . or Enter, or press ? or * to list all spells.
Aiming: Pain
Press: ? - help, Shift-Dir - straight line, f/p - ogre
Aim: an ogre, wielding a giant club (severely wounded, chance to defeat MR: 84%)
The ogre barely resists.
The ogre hits you with a giant club!
You die...

** *#.##.# #### #.##.#
....###### #..#.#
**.........# #....#
.........# #....#
.........# #....#######
.........# #...>'.....#
.........#####....#####.#
,
.........'..O♣..........#
.........################
.........# ..#####.## .
#.# * , #.#* + , * #.. *
* #. , , *


You could see an ogre.

Vanquished Creatures
  2 bullfrogs (D:7)
  A scorpion (D:4)
  A bullfrog zombie (D:7)
  A jelly (D:7)
  An orc priest (D:6)
  Ijyb (D:3)
  A worker ant (D:5)
  10 adders
  4 dart slugs
  5 orcs
  5 bats
  6 giant cockroaches
  12 goblins
  5 hobgoblins
  6 jackals
  5 kobolds
  3 quokkas
  3 ball pythons
  2 frilled lizards
  5 rats
79 creatures vanquished.

Vanquished Creatures (collateral kills)
  A hound (D:4)
  An ooze (D:1)
  A dart slug (D:2)
  2 leopard geckos (D:2)
  2 orcs (D:4)
  A goblin (D:2)
  A rat (D:2)
9 creatures vanquished.

Grand Total: 88 creatures vanquished

Notes
Turn   | Place    | Note
-------+----------+-------------------------------------------
     0 | D:1      | 4thArraOfDagon the Deep Dwarf Necromancer began the quest for the Orb.
     0 | D:1      | Reached XP level 1. HP: 15/15 MP: 3/3
   177 | D:1      | Reached XP level 2. HP: 22/22 MP: 3/5
   235 | D:2      | Reached skill level 5 in Necromancy
   354 | D:3      | Reached XP level 3. HP: 26/28 MP: 0/6
   368 | D:3      | Noticed Ijyb
   494 | D:3      | Killed Ijyb
   521 | D:3      | Learned a level 3 spell: Vampiric Draining
   637 | D:4      | Noticed Duvessa
   644 | D:4      | Noticed a scorpion
   647 | D:4      | Found a staircase to the Ecumenical Temple.
   657 | Temple   | Entered the Ecumenical Temple
   660 | Temple   | Reached skill level 6 in Necromancy
   665 | Temple   | Became a worshipper of Makhleb the Destroyer
   671 | Temple   | Learned a level 1 spell: Animate Skeleton
   712 | D:4      | Killed a scorpion
   712 | D:4      | Reached XP level 4. HP: 27/36 MP: 3/7
   832 | D:3      | Found a faded altar of an unknown god.
   939 | D:2      | Reached XP level 5. HP: 29/42 MP: 0/8
   986 | D:2      | Reached skill level 7 in Necromancy
  1189 | D:1      | Reached * piety under Makhleb
  1358 | D:2      | Reached skill level 1 in Fighting
  1675 | D:5      | Entered Level 5 of the Dungeon
  1709 | D:5      | Reached XP level 6. HP: 36/55 MP: 1/9
  1917 | D:6      | Noticed an orc warrior
  1966 | D:7      | Found a radiant altar of Vehumet.
  2073 | D:7      | Mangled by an ogre

Vault maps used:
D:1:      dpeg_arrival_rhombi, st_stairs_3, minmay_misc_feat_cross
D:3:      first_ration, chequers_ecumenical_altar_simple_redux,
          grunt_ministairs_5, nrook_mini_vaults, uniq_ijyb
D:4:      temple_hall, grunt_ministairs_8, nemelex_xobeh_ov_fountains_minmay,
          uniq_duvessa, uniq_robin
D:5:      nicolae_overflow_crystal_walls
D:7:      old_standard_altar
Temple:   minmay_freezing_vapour_temple

Skill      XL: |  1  2  3  4  5  6 |
---------------+-------------------+-----
Spellcasting   | 2 |  2.0
Necromancy     | 5 6 7 |  7.1
Fighting       | 2 3 |  3.0
Axes           | 3 |  3.5
Dodging        | |  2.1
Stealth        | |  2.4

Action                   |  1- 3 |  4- 6 || total
-------------------------+-------+-------++-------
Melee: Unarmed           |     4 |    52 ||    56
       Club              |       |    59 ||    59
       Hand axe          |       |    20 ||    20
 Cast: Pain              |    47 |    58 ||   105
       Vampiric Draining |     1 |    19 ||    20
       Animate Skeleton  |     1 |     8 ||     9
Evoke: Wand              |     2 |       ||     2
  Use: Scroll            |     3 |     3 ||     6
       Potion            |       |     1 ||     1
 Stab: Distracted        |       |     1 ||     1
  Eat: Chunk             |       |     8 ||     8
Armor: Robe              |     6 |       ||     6
       Ring mail         |       |    51 ||    51
       Skin              |       |     7 ||     7
Dodge: Dodged            |    29 |   118 ||   147

Table legend:
 A = Spawn XP
 B = Non-spawn XP
 C = Spawn XP percentage of total XP
 D = Spawn monster count
 E = Non-spawn monster count
 F = Spawn count percentage of total count
 G = Total turns spent on level
                    A         B        C        D         E        F      G
               +---------+---------+-------+---------+---------+-------+---------
         Total |       0 |     707 |   0.0 |       0 |      88 |   0.0 |  2073
               +---------+---------+-------+---------+---------+-------+---------
           D:1 |       0 |      38 |   0.0 |       0 |      18 |   0.0 |   482
           D:2 |       0 |     109 |   0.0 |       0 |      26 |   0.0 |   385
           D:3 |       0 |      64 |   0.0 |       0 |      18 |   0.0 |   474
           D:4 |       0 |     157 |   0.0 |       0 |      15 |   0.0 |   308
           D:5 |       0 |      47 |   0.0 |       0 |       2 |   0.0 |   100
           D:6 |       0 |      40 |   0.0 |       0 |       2 |   0.0 |   140
           D:7 |       0 |     247 |   0.0 |       0 |       5 |   0.0 |   129
        Temple |       0 |       5 |   0.0 |       0 |       2 |   0.0 |    55
               +---------+---------+-------+---------+---------+-------+---------
